[Event "Titled Tuesday Blitz March 07 Early 2023"]
[White "Garv Gaur"]
[Black "Dishman, Stephen"]
[WhiteFideId "45030839"]
[BlackFideId "403024"]
[WhiteElo "2068"]
[BlackElo "2204"]
[Result "1-0"]
[Round "09"]
[TimeControl "180+2"]
[Date "2023.03.07"]
[WhiteClock "0:00:24"]
[BlackClock "0:00:01"]

1. e4 c5 2. Nf3 g6 3. d3 Nc6 4. g3 Bg7 5. Bg2 d6 6. O-O e6 7. c3 Nge7 8. Qe2 O-O 9. Rd1 b5 10. Nbd2 Rb8 11. Nf1 b4 12. d4 cxd4 13. cxd4 a5 14. d5 exd5 15. exd5 Ne5 16. Nd4 Qb6 17. Bg5 Ba6 18. Qe4 Rfe8 19. Qh4 Qa7 20. Nc6 N7xc6 21. dxc6 Nd3 22. Be3 Qc7 23. Bd4 Ne5 24. Ne3 Nxc6 25. Bxg7 Kxg7 26. Rac1 Bb7 27. Qc4 Qd7 28. Bxc6 Bxc6 29. Qxc6 Qh3 30. Qg2 Qe6 31. Nd5 Qe2 32. Nc7 Re5 33. b3 Qxa2 34. Qf3 1-0


[Site "https://www.chess.com"]

[Event "Titled Tuesday Blitz March 07 Early 2023"]
[White "Kaplan, Avi Harrison"]
[Black "Zampronha, Wladimir Camilo"]
[WhiteFideId "30934559"]
[BlackFideId "2103087"]
[WhiteElo "1983"]
[BlackElo "2176"]
[Result "1/2-1/2"]
[Round "09"]
[TimeControl "180+2"]
[Date "2023.03.07"]
[WhiteClock "0:00:03"]
[BlackClock "0:00:09"]

1. g3 Nf6 2. f4 d5 3. Bg2 g6 4. Nf3 Bg7 5. O-O O-O 6. d3 c5 7. Qe1 d4 8. a4 Nc6 9. Nbd2 Nb4 10. Qd1 Ng4 11. Nc4 Be6 12. Ng5 Bd5 13. h3 Bxg2 14. Kxg2 Ne3+ 15. Bxe3 dxe3 16. Nxe3 Bxb2 17. Rb1 Bd4 18. Nc4 Qd7 19. Nf3 Bg7 20. e4 Qxa4 21. c3 Qxd1 22. Rfxd1 Bxc3 23. d4 cxd4 24. Nxd4 Rfd8 25. Ne2 Rxd1 26. Rxd1 Bg7 27. Rd7 b5 28. Na3 a6 29. Rxe7 Bb2 30. Nb1 a5 31. Rb7 a4 32. Rxb5 a3 33. Nd2 Nc2 34. Nb3 Bf6 35. e5 Be7 36. Nec1 a2 37. Rb7 Ba3 38. Nxa2 Bf8 39. Nac1 Ne3+ 40. Kf3 Nf5 41. Kg4 h5+ 42. Kf3 Ra3 43. g4 hxg4+ 44. hxg4 Nd4+ 45. Ke4 Nxb3 46. Nxb3 Ra4+ 47. Kf3 Rc4 48. f5 Rc3+ 49. Kf4 gxf5 50. gxf5 Rc4+ 51. Kg5 Rc2 52. Nd4 Rg2+ 53. Kf4 Rg1 54. f6 Rf1+ 55. Ke4 Re1+ 56. Kd5 Rd1 57. Rb2 Kh7 58. Rh2+ Kg6 59. Rg2+ Kh7 60. Ke4 Bc5 61. Nf5 Re1+ 62. Kd5 Bf8 63. Rh2+ Kg6 64. Ne7+ Kg5 65. Rh8 Rd1+ 66. Ke4 Re1+ 67. Kd4 Rd1+ 68. Kc3 Rd8 69. Rg8+ Kf4 70. Rg1 Bxe7 71. fxe7 Re8 72. Rf1+ Kxe5 73. Rxf7 Ke6 74. Rf1 Rxe7 75. Kd4 Rf7 76. Re1+ Kd6 77. Ra1 Rf4+ 78. Ke3 Rh4 79. Ra6+ Kc5 80. Ra5+ Kb6 81. Rg5 Rh3+ 82. Kd4 Rb3 83. Rg8 Rb4+ 84. Kd5 Rb5+ 85. Kd6 Ka5 86. Rg1 Rb6+ 87. Kc5 Rb5+ 88. Kc4 Rb4+ 89. Kc3 Rb5 90. Kc4 Rb4+ 91. Kc3 Rb5 92. Rg8 Rc5+ 93. Kd4 Rb5 94. Ra8+ Kb4 95. Ra1 Kb3 96. Rb1+ Ka4 97. Ra1+ Kb4 98. Rh1 Rg5 99. Rb1+ Ka5 100. Ra1+ Kb5 101. Rb1+ Ka5 102. Kc4 Rh5 103. Ra1+ Kb6 104. Rg1 Rh4+ 105. Kd5 Rh5+ 106. Kd6 Rh6+ 107. Ke7 Rh7+ 108. Kf6 Rh6+ 109. Kg7 Rc6 110. Rf1 Rc5 111. Rb1+ Kc6 1/2-1/2


[Site "https://www.chess.com"]

[Event "Titled Tuesday Blitz March 07 Early 2023"]
[White "Buscar, Michael"]
[Black "Kopczynski, Michal"]
[WhiteFideId "2603616"]
[BlackFideId "1124200"]
[WhiteElo "2010"]
[BlackElo "2212"]
[Result "0-1"]
[Round "09"]
[TimeControl "180+2"]
[Date "2023.03.07"]
[WhiteClock "0:00:44"]
[BlackClock "0:00:39"]

1. Nf3 d6 2. g3 e5 3. Bg2 f5 4. d3 g6 5. e4 fxe4 6. dxe4 Nf6 7. Nc3 Bg7 8. Bg5 h6 9. Be3 O-O 10. Qd2 Kh7 11. h3 Nc6 12. O-O-O Be6 13. Kb1 b5 14. Nd5 Nxe4 15. Qd3 Nf6 16. Nxf6+ Qxf6 17. Ng5+ hxg5 18. Bxc6 e4 19. Qd4 Qxd4 20. Bxd4 Bxd4 21. Bxa8 Bxf2 22. Bxe4 Bxg3 23. Rdf1 Rf4 24. Bd3 a6 25. Rhg1 Bxh3 26. Rxf4 Bxf4 27. Rh1 g4 28. Bf1 g5 29. c3 Kg6 30. Bxh3 gxh3 31. Rxh3 g4 32. Rh8 g3 33. Rg8+ Kf5 34. Kc2 Bg5 35. Rh8 g2 0-1


[Site "https://www.chess.com"]

[Event "Titled Tuesday Blitz March 07 Early 2023"]
[White "UNSTOPPABLE_LEGEND"]
[Black "Tsatsalashvili, Keti"]
[BlackFideId "13603434"]
[WhiteElo "2484"]
[BlackElo "2220"]
[Result "0-1"]
[Round "09"]
[TimeControl "180+2"]
[Date "2023.03.07"]
[WhiteClock "0:00:05"]
[BlackClock "0:00:21"]

1. d4 Nf6 2. c4 e6 3. Nc3 d5 4. cxd5 exd5 5. Bg5 c6 6. e3 Bd6 7. Bd3 Bg4 8. Qc2 Nbd7 9. Nge2 Bh5 10. f3 Bg6 11. Bxg6 hxg6 12. e4 dxe4 13. fxe4 Rxh2 14. Rxh2 Bxh2 15. e5 Qa5 16. O-O-O Nxe5 17. dxe5 Bxe5 18. Bf4 Kf8 19. Rh1 Kg8 20. Kb1 Bxf4 21. Nxf4 Qg5 22. Qf2 Qf5+ 23. Ka1 Ng4 24. Qg3 Re8 25. Qh4 Nh6 26. Nfe2 b5 27. Qd4 a5 28. Ng3 Qc2 29. Nce4 Qxg2 30. Rxh6 gxh6 31. Nf6+ Kf8 32. Nh7+ Ke7 33. Qf6+ Kd7 34. Qxf7+ Re7 35. Nf6+ Kd6 36. Nge4+ Rxe4 37. Qd7+ Ke5 38. Qe7+ Kf5 39. Qd7+ Kxf6 40. Qd6+ Re6 41. Qf8+ Ke5 42. Qc5+ Kf4 43. Qd4+ Re4 44. Qf6+ Ke3 45. Qc3+ Kf2 46. Qd2+ Re2 47. Qf4+ Qf3 48. Qd4+ Qe3 49. Qh4+ Qg3 50. Qd4+ Kg2 51. a4 Qe1+ 52. Ka2 Qg3 53. axb5 cxb5 54. Qd5+ Qf3 55. Qxb5 Qf7+ 56. Ka3 Re3+ 57. b3 Rxb3+ 58. Qxb3 Qxb3+ 59. Kxb3 h5 60. Ka4 h4 61. Kxa5 h3 0-1


[Site "https://www.chess.com"]

[Event "Titled Tuesday Blitz March 07 Early 2023"]
[White "Womacka, Mathias"]
[Black "Lauridsen, Jesper Morch"]
[WhiteFideId "4611390"]
[BlackFideId "1401890"]
[WhiteElo "2377"]
[BlackElo "2296"]
[Result "1-0"]
[Round "09"]
[TimeControl "180+2"]
[Date "2023.03.07"]
[WhiteClock "0:00:59"]
[BlackClock "0:00:19"]

1. e4 c5 2. Nf3 e6 3. d4 cxd4 4. Nxd4 Nc6 5. Nc3 a6 6. Be3 Nge7 7. Nb3 b5 8. Bd3 d5 9. exd5 Nxd5 10. Nxd5 Qxd5 11. O-O Bb7 12. f3 Be7 13. Be4 Qc4 14. Qe1 O-O 15. Qg3 Rad8 16. Qc7 Bd6 17. Qxb7 Ne5 18. Qb6 Bc7 19. Qc5 Qa4 20. Qxc7 1-0


[Site "https://www.chess.com"]

[Event "Titled Tuesday Blitz March 07 Early 2023"]
[White "Alhadad, Mahmoud"]
[Black "Balla, Tamas-Kristof"]
[WhiteFideId "11501863"]
[BlackFideId "1208497"]
[WhiteElo "1955"]
[BlackElo "2334"]
[Result "1-0"]
[Round "09"]
[TimeControl "180+2"]
[Date "2023.03.07"]
[WhiteClock "0:00:09"]
[BlackClock "0:00:28"]

1. e4 c5 2. Nc3 Nc6 3. Bb5 Nd4 4. Nf3 Nf6 5. e5 Nxb5 6. Nxb5 Nd5 7. d4 Nc7 8. Nc3 cxd4 9. Nxd4 g6 10. O-O Bg7 11. Bf4 O-O 12. Re1 b6 13. Qf3 Rb8 14. Rad1 Bb7 15. Qh3 Nd5 16. Nxd5 Bxd5 17. b3 Rc8 18. c4 Ba8 19. Bh6 e6 20. Bxg7 Kxg7 21. Nb5 Qg5 22. Rxd7 Rc5 23. Qg3 Qf5 24. Nd6 Qc2 25. Qf4 Qc3 26. Rxf7+ Rxf7 27. Qxf7+ Kh6 28. Qf4+ Kg7 29. Ne8+ Kg8 30. Nf6+ Kg7 31. Rd1 Qxe5 32. Rd7+ Kh8 33. Rxh7# 1-0


[Site "https://www.chess.com"]

[Event "Titled Tuesday Blitz March 07 Early 2023"]
[White "Manukian, Artak"]
[Black "Abrosimov, Vladimir"]
[WhiteFideId "13301373"]
[BlackFideId "4166892"]
[WhiteElo "2130"]
[BlackElo "2336"]
[Result "1-0"]
[Round "09"]
[TimeControl "180+2"]
[Date "2023.03.07"]
[WhiteClock "0:00:14"]
[BlackClock "0:00:04"]

1. e4 c5 2. Nf3 d6 3. Bb5+ Bd7 4. Bxd7+ Nxd7 5. c4 Ngf6 6. Nc3 g6 7. O-O Bg7 8. Rb1 O-O 9. b4 cxb4 10. Rxb4 Qc7 11. Qb3 Nc5 12. Qb1 Rab8 13. d4 Na6 14. Ra4 Nd7 15. Nd5 Qd8 16. Bg5 f6 17. Be3 e6 18. Nf4 Re8 19. d5 Ndc5 20. Bxc5 Nxc5 21. Rb4 e5 22. Ne6 Nxe6 23. dxe6 Qc7 24. Qb3 Rxe6 25. c5 Qf7 26. c6 b6 27. Qd5 Rc8 28. Rd1 Ree8 29. Rc4 Qxd5 30. exd5 f5 31. Ng5 h6 32. Ne6 Kf7 33. Ra4 Re7 34. Rc1 e4 35. f3 exf3 36. gxf3 Be5 37. c7 Bb2 38. Rc6 Be5 39. Rxa7 Ke8 40. Rxb6 Kd7 41. Rb8 Ree8 42. Raa8 1-0


[Site "https://www.chess.com"]

[Event "Titled Tuesday Blitz March 07 Early 2023"]
[White "Pourkashiyan, Atousa"]
[Black "Clawitter, Craig"]
[WhiteFideId "12502014"]
[BlackFideId "2023105"]
[WhiteElo "2228"]
[BlackElo "2288"]
[Result "1-0"]
[Round "09"]
[TimeControl "180+2"]
[Date "2023.03.07"]
[WhiteClock "0:00:02"]
[BlackClock "0:00:12"]

1. e4 e6 2. d4 d5 3. Nd2 Be7 4. Bd3 c5 5. dxc5 Nf6 6. e5 Nfd7 7. Ngf3 Nc6 8. Qe2 Nxc5 9. O-O O-O 10. Nb3 Nxd3 11. cxd3 a5 12. Nbd4 Nxd4 13. Nxd4 Qb6 14. Be3 Bc5 15. Qg4 f5 16. exf6 Rxf6 17. Nc2 e5 18. Bxc5 Qxc5 19. Qe2 Bf5 20. Rac1 Qb5 21. Qxe5 Re8 22. Qd4 Bxd3 23. Rfd1 Be4 24. Ne3 Ref8 25. f3 Bxf3 26. gxf3 Qe2 27. Rf1 Rxf3 28. Qxd5+ Kh8 29. Rxf3 Qxf3 30. Qxf3 Rxf3 31. Rc8+ 1-0


[Site "https://www.chess.com"]

[Event "Titled Tuesday Blitz March 07 Early 2023"]
[White "Vargas Rodriguez, Wilver"]
[Black "Tsyhanchuk, Stanislav"]
[WhiteFideId "3509672"]
[BlackFideId "13505130"]
[WhiteElo "2238"]
[BlackElo "2173"]
[Result "0-1"]
[Round "09"]
[TimeControl "180+2"]
[Date "2023.03.07"]
[WhiteClock "0:00:05"]
[BlackClock "0:00:07"]

1. e4 c5 2. Nf3 d6 3. d4 cxd4 4. Nxd4 Nf6 5. Nc3 a6 6. Bc4 e6 7. Bb3 Be7 8. Bg5 O-O 9. O-O Nbd7 10. Kh1 Nc5 11. Qe2 Qc7 12. Rad1 b5 13. a3 Bb7 14. f3 h6 15. Be3 Nxb3 16. cxb3 Rac8 17. Qd2 d5 18. Bf4 e5 19. Bg3 dxe4 20. fxe4 Nxe4 21. Nxe4 Bxe4 22. Qe2 f5 23. Ne6 Qb7 24. Nxf8 Bxf8 25. Bxe5 Re8 26. Bd4 Qc6 27. Qf2 Qg6 28. Rde1 Bd6 29. Be3 Qh5 30. Bf4 Be7 31. Bg3 Bg5 32. Bf4 Bh4 33. Bg3 Bf6 34. Qe2 Qg6 35. Qf2 Rc8 36. Rc1 Rd8 37. Rc6 Qh5 38. Rfc1 Bd4 39. Qe1 Bf6 40. R6c2 Qf7 41. Rf2 Qxb3 42. Bf4 Qd5 43. Bg3 Qb7 44. Kg1 Bd4 45. Bf4 Bxg2 46. Be3 Bxe3 47. Qxe3 Be4 48. Rcf1 Qe7 49. Rxf5 Rd3 50. Rf8+ Kh7 51. Qf4 Qc5+ 52. Qf2 Qd5 53. Rc8 Qg5+ 54. Qg3 Rxg3+ 55. hxg3 Qxg3# 0-1


[Site "https://www.chess.com"]

[Event "Titled Tuesday Blitz March 07 Early 2023"]
[White "Torres Hernandez, Leslie Carolin"]
[Black "Gheorghiu, Calin"]
[WhiteFideId "8400504"]
[BlackFideId "1200305"]
[WhiteElo "1920"]
[BlackElo "2223"]
[Result "1/2-1/2"]
[Round "09"]
[TimeControl "180+2"]
[Date "2023.03.07"]
[WhiteClock "0:00:04"]
[BlackClock "0:00:20"]

1. e4 c5 2. Nf3 d6 3. Bb5+ Nd7 4. a4 a6 5. Be2 g6 6. O-O Bg7 7. Nc3 Ngf6 8. a5 O-O 9. d4 cxd4 10. Qxd4 Qc7 11. Qb4 Nc5 12. Bg5 e6 13. Rfd1 Bd7 14. e5 dxe5 15. Qb6 Rfc8 16. Qxc7 Rxc7 17. Nxe5 Be8 18. Nc4 Nfe4 19. Nxe4 Nxe4 20. Bf4 e5 21. Bxe5 Rxc4 22. Bxg7 Rxc2 23. Bd3 Rd2 24. Rxd2 Nxd2 25. Bc3 Nb3 26. Re1 Bc6 27. Bc4 Nc5 28. Re7 Ne6 29. Bxe6 fxe6 30. Rg7+ Kf8 31. Rxh7 Re8 32. h4 e5 33. h5 gxh5 34. Rxh5 e4 35. Re5 Rd8 36. Bb4+ Kf7 37. Rf5+ Kg6 38. Rf8 Rd1+ 39. Kh2 Rf1 40. Bc3 e3 41. Rg8+ Kf5 42. fxe3 Ke4 43. Rg4+ Kxe3 44. Rg3+ Ke4 45. Rg7 Rf2 46. Kh3 Rc2 47. Re7+ Kf5 48. Rg7 Be4 49. g4+ Kf4 50. Rf7+ Kg5 51. Rg7+ Kf4 52. Rf7+ Kg5 53. Rg7+ Kf4 1/2-1/2


[Site "https://www.chess.com"]

[Event "Titled Tuesday Blitz March 07 Early 2023"]
[White "Smith, Garrett L"]
[Black "Koridze, Lile"]
[WhiteFideId "2024829"]
[BlackFideId "13612514"]
[WhiteElo "2272"]
[BlackElo "2047"]
[Result "0-1"]
[Round "09"]
[TimeControl "180+2"]
[Date "2023.03.07"]
[WhiteClock "0:01:00"]
[BlackClock "0:00:54"]

1. e4 c5 2. a3 d6 3. b4 cxb4 4. axb4 Nf6 5. Nc3 g6 6. Nf3 Bg7 7. d4 O-O 8. Be2 a6 9. O-O Qc7 10. Qd3 Nc6 11. Rb1 b5 12. Bg5 Bb7 13. Rfe1 Rac8 14. Bxf6 exf6 15. Nd5 Qd8 16. c3 Ne7 17. Nf4 f5 18. exf5 Nxf5 19. Rbc1 Re8 20. d5 Qf6 21. g3 Rxc3 22. Rxc3 Qxc3 23. Qxc3 Bxc3 24. Rc1 Bxb4 25. Rc7 Bc8 26. Ng5 Bd2 27. Nxf7 Bxf4 28. gxf4 Rxe2 29. Nh6+ Nxh6 0-1


[Site "https://www.chess.com"]

[Event "Titled Tuesday Blitz March 07 Early 2023"]
[White "Pino Perez, Lazaro"]
[Black "Kohler, Aran"]
[WhiteFideId "3517055"]
[BlackFideId "1002856"]
[WhiteElo "2170"]
[BlackElo "2253"]
[Result "1-0"]
[Round "09"]
[TimeControl "180+2"]
[Date "2023.03.07"]
[WhiteClock "0:00:18"]
[BlackClock "0:00:08"]

1. d4 d5 2. Bf4 Nf6 3. e3 c5 4. Nf3 Nc6 5. Nbd2 cxd4 6. exd4 Bg4 7. c3 a6 8. Qb3 Qc8 9. Bd3 g6 10. Ne5 Bd7 11. O-O Bg7 12. Rfe1 O-O 13. Nxc6 Bxc6 14. Rxe7 Nh5 15. Be5 Re8 16. Rxe8+ Qxe8 17. Bxg7 Kxg7 18. g3 Qe6 19. Nf3 Re8 20. Re1 Qd7 21. Qd1 f6 22. Rxe8 Qxe8 23. Qe1 Qd7 24. Kg2 Bb5 25. Bxb5 axb5 26. h3 Kf7 27. Qe2 Ng7 28. Ne1 Ne6 29. Nd3 h5 30. h4 b6 31. Nb4 Qd6 32. Qxb5 Nf4+ 33. gxf4 Qxf4 34. Qxd5+ Kg7 35. Qd7+ Kh6 36. Qh3 Qc1 37. Qe3+ Qxe3 38. fxe3 g5 39. Nd5 Kg6 40. Nxb6 Kf5 41. Nc4 Ke4 42. Nd6+ Kxe3 43. a4 g4 44. a5 Kf4 45. a6 f5 46. a7 Ke3 47. Nxf5+ Kd2 48. Nd6 Kc1 49. a8=Q Kxb2 50. Qc6 Kc2 51. c4 Kd3 52. d5 g3 53. Nf5 Ke4 54. Nxg3+ Kf4 55. Nxh5+ Kg4 56. Ng3 Kf4 57. Qf6+ Kg4 58. Qf5+ Kxh4 59. Qh5# 1-0


[Site "https://www.chess.com"]

[Event "Titled Tuesday Blitz March 07 Early 2023"]
[White "Osinovsky, Stepan"]
[Black "Tagliati, Eleonore"]
[WhiteFideId "4157354"]
[BlackFideId "45172234"]
[WhiteElo "2222"]
[BlackElo "2234"]
[Result "1-0"]
[Round "09"]
[TimeControl "180+2"]
[Date "2023.03.07"]
[WhiteClock "0:00:14"]
[BlackClock "0:00:01"]

1. Nf3 d5 2. g3 Bf5 3. Bg2 Nf6 4. O-O h6 5. d3 c6 6. Nbd2 Nbd7 7. b3 e5 8. Bb2 Qc7 9. e4 dxe4 10. dxe4 Nxe4 11. Re1 Nxd2 12. Nxe5 Be7 13. Qxd2 Nf6 14. Qf4 Be6 15. Ng6 Qxf4 16. Nxf4 O-O 17. Nxe6 fxe6 18. Rxe6 Kf7 19. Re2 Rfe8 20. Rae1 Rad8 21. Bh3 b6 22. Be6+ Kf8 23. Kg2 Bc5 24. h4 Rd6 25. f4 Re7 26. g4 Nd5 27. Kf3 Re8 28. g5 Nc7 29. Bf5 Rxe2 30. Rxe2 hxg5 31. hxg5 Nd5 32. Be5 Rd8 33. Be6 Ne7 34. f5 Bd4 35. Bxd4 Rxd4 36. Rh2 g6 37. f6 Ng8 38. Rh8 1-0


[Site "https://www.chess.com"]

[Event "Titled Tuesday Blitz March 07 Early 2023"]
[White "Rosh Jain"]
[Black "Bas Mas, Jose Joaquin"]
[WhiteFideId "25789465"]
[BlackFideId "22219064"]
[WhiteElo "2233"]
[BlackElo "2233"]
[Result "1/2-1/2"]
[Round "09"]
[TimeControl "180+2"]
[Date "2023.03.07"]
[WhiteClock "0:00:11"]
[BlackClock "0:00:48"]

1. e4 e6 2. d4 d5 3. Nc3 Nf6 4. Bg5 dxe4 5. Nxe4 Be7 6. Bxf6 gxf6 7. Nf3 f5 8. Ng3 c5 9. dxc5 Qxd1+ 10. Rxd1 Bxc5 11. Bb5+ Bd7 12. Bxd7+ Nxd7 13. O-O h5 14. Rfe1 O-O-O 15. h4 Nf6 16. Ng5 Ng4 17. Nh1 Rhf8 18. Kf1 e5 19. Rxd8+ Kxd8 20. Rd1+ Kc7 21. Rd2 e4 22. f3 Ne3+ 23. Ke1 exf3 24. gxf3 Re8 25. Re2 Ng2+ 26. Kd2 Rxe2+ 27. Kxe2 Nxh4 28. Nxf7 Ng6 29. Ng3 Nf4+ 30. Kf1 Kd7 31. Ng5 Ne6 32. Nxe6 Kxe6 33. Nxh5 b5 34. Ke2 Ke5 35. Ng3 a5 36. Nf1 a4 37. Nd2 Kf4 38. Kd3 Be3 39. Nf1 Bc1 40. b3 Kxf3 41. bxa4 bxa4 42. c4 Kg2 43. Ne3+ Bxe3 44. Kxe3 Kg3 45. c5 f4+ 46. Kd2 f3 47. c6 f2 48. c7 f1=Q 49. c8=Q Qf4+ 50. Kc2 Qf2+ 51. Kb1 Qe1+ 52. Qc1 Qb4+ 53. Qb2 Qe4+ 54. Qc2 Qe1+ 55. Qc1 Qe8 56. Ka1 Kf2 57. Qb2+ Ke1 58. Qc1+ Ke2 59. Qc2+ Ke3 60. Qc3+ Kf4 61. Qd2+ Kf5 62. Qd3+ Qe4 63. Qxe4+ Kxe4 64. Kb2 Kd3 65. Ka3 Kc4 66. Kxa4 Kc5 67. Ka5 Kc6 68. Ka6 Kc7 69. Ka7 Kc8 70. Ka8 Kc7 71. a4 Kc8 72. a5 Kc7 73. Ka7 Kc8 74. Kb6 Kb8 75. a6 Ka8 76. Kc7 Ka7 77. Kc6 Kxa6 1/2-1/2


[Site "https://www.chess.com"]

[Event "Titled Tuesday Blitz March 07 Early 2023"]
[White "Andrews, Todd"]
[Black "Bashirli, Saadat"]
[WhiteFideId "2012456"]
[BlackFideId "13429990"]
[WhiteElo "2388"]
[BlackElo "1408"]
[Result "0-1"]
[Round "09"]
[TimeControl "180+2"]
[Date "2023.03.07"]
[WhiteClock "0:00:03"]
[BlackClock "0:00:03"]

1. e4 c5 2. Nf3 g6 3. d4 cxd4 4. Nxd4 Nc6 5. Nc3 Bg7 6. Be3 Nf6 7. Bc4 O-O 8. Bb3 a5 9. Ndb5 a4 10. Nxa4 Rxa4 11. Bxa4 Qa5+ 12. c3 Nxe4 13. O-O d6 14. Rc1 Be6 15. b4 Qd8 16. Bb3 d5 17. f3 Nf6 18. Nd4 Nxd4 19. Bxd4 Qd7 20. Re1 Rc8 21. Ba4 b5 22. Bb3 Bh6 23. Rc2 Bf5 24. Rce2 Bf8 25. Qd2 Be6 26. Qg5 Bg7 27. f4 Ne4 28. Qh4 Nxc3 29. Bxc3 Bxc3 30. Rd1 Bxb4 31. f5 Bxf5 32. Bxd5 Qa7+ 33. Kh1 Bd6 34. Bb3 h5 35. Rf2 Bc5 36. Rxf5 gxf5 37. Qg5+ Kf8 38. Qxf5 e6 39. Bxe6 Rc7 40. Rd8+ Ke7 41. Qg5+ Kxe6 42. Re8+ Kd7 43. Qd8+ Kc6 44. Re5 Rd7 45. Qc8+ Qc7 46. Qa6+ Qb6 47. Qa8+ Qb7 48. Qe8 Bd6 49. Re4 Kc7 0-1


[Site "https://www.chess.com"]

[Event "Titled Tuesday Blitz March 07 Early 2023"]
[White "Carrasco Miranda, Andres"]
[Black "Thomas, Anysia"]
[WhiteFideId "3405990"]
[BlackFideId "670472"]
[WhiteElo "2183"]
[BlackElo "2091"]
[Result "1-0"]
[Round "09"]
[TimeControl "180+2"]
[Date "2023.03.07"]
[WhiteClock "0:00:48"]
[BlackClock "0:01:08"]

1. d4 Nf6 2. c4 g6 3. g3 Bg7 4. Bg2 d5 5. cxd5 Nxd5 6. Nc3 Nb6 7. Nf3 Nc6 8. e3 e5 9. d5 Ne7 10. e4 Bg4 11. h3 Bxf3 12. Bxf3 c6 13. h4 cxd5 14. exd5 Nf5 15. Bg5 Qd6 16. O-O Nd4 17. Ne4 Nxf3+ 18. Qxf3 Qxd5 19. Nf6+ Bxf6 20. Qxf6 Rg8 21. Qe7# 1-0


[Site "https://www.chess.com"]

[Event "Titled Tuesday Blitz March 07 Early 2023"]
[White "Kho, Darrell"]
[Black "Tarasova, Viktoriya"]
[WhiteFideId "1019317"]
[BlackFideId "4175840"]
[WhiteElo "2182"]
[BlackElo "2182"]
[Result "0-1"]
[Round "09"]
[TimeControl "180+2"]
[Date "2023.03.07"]
[WhiteClock "0:00:02"]
[BlackClock "0:00:43"]

1. e4 e5 2. Nf3 Nc6 3. Nc3 Nf6 4. d4 exd4 5. Nxd4 Bb4 6. Nxc6 bxc6 7. Bd3 O-O 8. O-O d5 9. exd5 cxd5 10. h3 c6 11. Qf3 h6 12. Bf4 Bd6 13. Ne2 Rb8 14. b3 c5 15. Bxd6 Qxd6 16. Qg3 Qxg3 17. Nxg3 Be6 18. Rfe1 Rfe8 19. Nf5 Bxf5 20. Bxf5 Rxe1+ 21. Rxe1 Re8 22. Rxe8+ Nxe8 23. Kf1 Nd6 24. Bd3 Kf8 25. Ke2 Ke7 26. c3 Ke6 27. Ke3 g5 28. a4 f5 29. b4 cxb4 30. cxb4 Ke5 31. g3 d4+ 32. Kf3 Kd5 33. h4 Ke5 34. a5 Nb7 35. a6 Nd6 36. b5 Nc8 37. hxg5 hxg5 38. g4 f4 39. Ke2 Nb6 40. Kd2 Kd5 41. Bf5 Kc4 42. Bd3+ Kd5 43. Bf1 Na4 44. Bg2+ Kc5 45. Bc6 Kc4 46. Be8 Nb6 47. f3 Na4 48. Kd1 Kc3 49. Kc1 d3 50. Bg6 d2+ 51. Kd1 Nb2+ 0-1


[Site "https://www.chess.com"]

[Event "Titled Tuesday Blitz March 07 Early 2023"]
[White "lisjakzlatko1"]
[Black "Sadubayev, Airat"]
[BlackFideId "13713264"]
[WhiteElo "2189"]
[BlackElo "2129"]
[Result "0-1"]
[Round "09"]
[TimeControl "180+2"]
[Date "2023.03.07"]
[WhiteClock "0:00:02"]
[BlackClock "0:00:05"]

1. d4 d5 2. Nc3 Nf6 3. Bf4 c5 4. e3 a6 5. Nf3 e6 6. a3 Bd6 7. dxc5 Bxc5 8. Bd3 Nc6 9. e4 dxe4 10. Nxe4 Nxe4 11. Bxe4 Qb6 12. O-O f5 13. Bxc6+ Qxc6 14. b4 Be7 15. Ne5 Qe4 16. Qh5+ Kd8 17. Nf7+ Kd7 18. Ne5+ Kc7 19. Ng6+ Kb6 20. Be3+ Kb5 21. Nxh8 Bd7 22. Qf7 Bc6 23. a4+ Kc4 24. f3 Qxe3+ 25. Kh1 Bxb4 26. Qxg7 Bc3 27. Qxh7 Bxa1 28. Rxa1 Qc3 29. Rf1 Rxh8 30. Qe7 Qe5 31. h3 Qg3 32. Qxe6+ Bd5 33. Qe2+ Kc5 34. Rf2 Qf4 35. Qd3 Qc1+ 36. Kh2 Qf4+ 37. g3 Qe5 38. h4 f4 39. Qa3+ Kc6 40. g4 Rxh4+ 41. Kg2 Qe1 0-1


[Site "https://www.chess.com"]

[Event "Titled Tuesday Blitz March 07 Early 2023"]
[White "Cella, Glaucio Dalla Cortt"]
[Black "Jiganchine, Roman"]
[WhiteFideId "2119455"]
[BlackFideId "2603667"]
[WhiteElo "2011"]
[BlackElo "2311"]
[Result "1-0"]
[Round "09"]
[TimeControl "180+2"]
[Date "2023.03.07"]
[WhiteClock "0:01:21"]
[BlackClock "0:00:06"]

1. e4 c6 2. Nf3 d5 3. exd5 cxd5 4. d4 Nc6 5. c3 Qc7 6. Bd3 Nf6 7. O-O Bg4 8. Re1 e6 9. Bg5 Be7 10. Nbd2 O-O 11. h3 Bh5 12. g4 Bg6 13. Bxg6 hxg6 14. Ne5 Nxe5 15. dxe5 Nh7 16. Bxe7 Qxe7 17. f4 Rac8 18. Nf3 Rc4 19. Qd2 Rfc8 20. Nd4 Qh4 21. Kg2 g5 22. Nf3 Qh6 23. fxg5 Qg6 24. Kg3 d4 25. Rac1 dxc3 26. Rxc3 Rxc3 27. bxc3 Rc5 28. h4 Nf8 29. h5 Qh7 30. g6 fxg6 31. Rf1 Rd5 32. Qf4 gxh5 33. Ng5 h4+ 34. Kh2 1-0


[Site "https://www.chess.com"]

[Event "Titled Tuesday Blitz March 07 Early 2023"]
[White "Liu, Kelsey"]
[Black "Rodchenkov, Sergey D."]
[WhiteFideId "30944481"]
[BlackFideId "4168712"]
[WhiteElo "2286"]
[BlackElo "2277"]
[Result "1-0"]
[Round "09"]
[TimeControl "180+2"]
[Date "2023.03.07"]
[WhiteClock "0:00:04"]
[BlackClock "0:00:29"]

1. e4 c5 2. Nf3 d6 3. Nc3 Nf6 4. e5 dxe5 5. Nxe5 a6 6. a4 Qc7 7. Nc4 Nbd7 8. a5 b5 9. axb6 Nxb6 10. Na5 e6 11. Qf3 Rb8 12. Qg3 e5 13. Nc4 Nbd7 14. d3 Be7 15. Be2 Bb7 16. Bd2 h5 17. h4 g6 18. f4 e4 19. dxe4 Nxe4 20. Nxe4 Bxe4 21. Rxa6 Qb7 22. Nd6+ Bxd6 23. Rxd6 Qc7 24. f5 Rb6 25. Re6+ fxe6 26. Qxc7 Rc6 27. Qg3 exf5 28. Bg5 c4 29. O-O Kf7 30. Rd1 Nc5 31. Rd6 Rhc8 32. Rxc6 Rxc6 33. Qe5 Nd7 34. Qe7+ Kg8 35. Qxd7 Rc5 36. Bf6 1-0


[Site "https://www.chess.com"]

[Event "Titled Tuesday Blitz March 07 Early 2023"]
[White "Jovic, Stanoje"]
[Black "Zaksaite, Salomeja"]
[WhiteFideId "905020"]
[BlackFideId "12801496"]
[WhiteElo "2236"]
[BlackElo "2059"]
[Result "1-0"]
[Round "09"]
[TimeControl "180+2"]
[Date "2023.03.07"]
[WhiteClock "0:01:13"]
[BlackClock "0:00:14"]

1. c4 Nf6 2. g3 g6 3. Bg2 Bg7 4. Nc3 O-O 5. Nf3 d6 6. O-O Nc6 7. d3 e5 8. Rb1 a5 9. a3 Bg4 10. h3 Be6 11. e4 Qd7 12. Kh2 h6 13. b4 axb4 14. axb4 Nh7 15. b5 Ne7 16. Nd5 f5 17. b6 c6 18. Nc7 Rac8 19. Nxe6 Qxe6 20. Qe2 f4 21. Ra1 g5 22. Ra7 Rb8 23. g4 Nc8 24. Qb2 Nxa7 25. bxa7 Ra8 26. Qxb7 Qc8 27. Qb6 Rf7 28. c5 Rb7 29. Qa6 dxc5 30. Qc4+ Kh8 31. Qxc5 Rbxa7 32. Nxe5 Ra5 33. Ng6+ Kg8 34. Qxa5 Rxa5 35. Ne7+ Kf8 36. Nxc8 Be5 37. Nb6 Ra1 38. Nd7+ 1-0


[Site "https://www.chess.com"]

[Event "Titled Tuesday Blitz March 07 Early 2023"]
[White "Bruned, Boris"]
[Black "Sarkar, Justin"]
[WhiteFideId "621790"]
[BlackFideId "2010011"]
[WhiteElo "2049"]
[BlackElo "2189"]
[Result "1-0"]
[Round "09"]
[TimeControl "180+2"]
[Date "2023.03.07"]
[WhiteClock "0:01:01"]
[BlackClock "0:00:01"]

1. b3 c5 2. Bb2 Nc6 3. Nf3 d6 4. d4 cxd4 5. Nxd4 Nf6 6. e3 e5 7. Nxc6 bxc6 8. c4 Be7 9. Be2 O-O 10. O-O Nd7 11. Nc3 f5 12. Ba3 Qc7 13. Qd2 Nf6 14. Rad1 Rd8 15. f4 e4 16. h3 h5 17. Rc1 h4 18. Rfd1 Be6 19. Qe1 Nh7 20. Nd5 Qb7 21. Nxe7+ Qxe7 22. Qd2 c5 23. Qa5 Nf6 24. Rd2 Rd7 25. Rcd1 Qd8 26. Qa6 Qb6 27. Qa4 Rad8 28. Bb2 d5 29. Bxf6 gxf6 30. cxd5 Rxd5 31. Bc4 Rxd2 32. Bxe6+ 1-0


[Site "https://www.chess.com"]